Mulligans vs Blackdemons (R2)

Created - January 4, 2019 at 19:49

Goals
1 2 3 T
Mulligans 1 2 1 4
Blackdemons 3 0 2 5
Shots
1 2 3 T
Mulligans 12 13 12 37
Blackdemons 14 10 10 34

1st period

1. Blackdemons , Patrice Cormier 17 (Yannick Weber 22, Alexei Morozov 35) at 6:26 (PP)
2. Blackdemons , Alexei Morozov 21 (Zachary Sanford 14, Patrice Cormier 24) at 7:11
3. Mulligans , Sven Baertschi 10 (Anton Lander 15, Michael Sdao 11) at 13:18 (PP)
4. Blackdemons , Patrice Cormier 18 (Zachary Sanford 15) at 19:02

Penalties :
Michael Sdao (Rep) for Tripping (Minor) at 0:35, Matt Donovan (Rep) for Hooking (Minor) at 5:52, Martin Hanzal (MJM) for Unsportsmanlike conduct (Minor) at 12:43

2nd period

5. Mulligans , Maxime Macenauer 14 (Matt Donovan 33, Matt Beleskey 16) at 2:13 (PP)
6. Mulligans , Matt Beleskey 12 (Matt Donovan 34, Maxime Macenauer 15) at 6:51 (PP)

Penalties :
Jeffrey Foss (MJM) for Hooking (Minor) at 1:38, Blake Pietila (MJM) for Roughing (Minor) at 5:34, Robbie Russo (MJM) for Holding Stick (Minor) at 12:07, Alexei Morozov (MJM) for Slashing (Minor) at 18:34

3rd period

7. Blackdemons , Roman Josi 1 (Alexei Morozov 36, Patrice Cormier 25) at 4:41
8. Blackdemons , Martin Hanzal 25 (Blake Pietila 15, Sergei Plotnikov 19) at 9:42
9. Mulligans , Christoph Bertschy 7 (Drayson Bowman 13, Michael Sdao 12) at 12:50

Penalties :
Cody Goloubef (Rep) for Hooking (Minor) at 7:04

Goalie Stats

Calvin Pickard (Rep), 29 saves from 34 shots - (0.853), L, 9-7-2, 58:45 minutes
Matt Hackett (MJM), 33 saves from 37 shots - (0.892), W, 17-4-0, 60:00 minutes

Players Stats for Mulligans

Player Name              G  A  P  +/- PIM S  H  SB GA TA FO     MP     PP MP  PK MP  
------------------------------------------------------------------------------------
Anton Lander             0  1  1  -1  0   0  3  0  0  0  6/16   17:29   2:18   2:30 
Ben Hutton               0  0  0   1  0   0  1  1  0  1  0/0    20:01   2:46   1:31 
Cade Fairchild           0  0  0  -3  0   0  0  2  0  1  0/0    11:52   0:00   0:00 
Christoph Bertschy       1  0  1   0  0   3  1  0  0  0  2/3    11:25   0:00   1:35 
Cody Goloubef            0  0  0  -1  2   2  3  1  0  2  0/0    23:35   3:39   1:35 
Dalton Thrower           0  0  0   0  0   0  2  0  0  0  0/0     3:54   0:00   0:31 
Darren Dietz             0  0  0  -3  0   0  0  2  0  0  0/0    14:18   0:00   2:27 
Drayson Bowman           0  1  1   0  0   4  0  0  1  0  0/0    10:17   0:00   0:23 
John Hayden              0  0  0   0  0   0  0  0  0  0  0/0     0:00   0:00   0:00 
Jonathan Tremblay        0  0  0  -2  0   2  4  0  1  1  0/2    24:15   4:04   2:27 
Jonny Brodzinski         0  0  0   0  0   2  0  0  0  0  0/3     8:14   0:00   0:00 
Joonas Donskoi           0  0  0   0  0   2  1  0  0  0  0/1    11:49   0:03   0:00 
Logan Shaw               0  0  0  -1  0   2  0  0  0  0  0/0    15:11   2:18   0:00 
Matt Beleskey            1  1  2  -2  0   7  1  1  4  0  0/1    20:23   4:04   0:00 
Matt Donovan             0  2  2  -1  2   4  5  1  1  1  0/0    27:22   3:39   2:17 
Maxime Macenauer         1  1  2  -2  0   3  0  1  0  2  17/40  23:07   4:07   1:35 
Michael Sdao             0  2  2   1  2   2  3  0  0  0  0/0    19:32   2:46   0:43 
Nick Bonino              0  0  0   0  0   0  0  0  0  0  0/0     0:00   0:00   0:00 
Nick Moutrey             0  0  0   0  0   0  0  0  0  0  0/0     0:00   0:00   0:00 
Reid Boucher             0  0  0   0  0   1  0  1  0  0  1/1     6:22   0:00   0:00 
Sven Baertschi           1  0  1  -1  0   2  0  0  0  0  0/0    17:30   2:18   0:34 
Valeri Nichushkin        0  0  0   0  0   1  2  1  0  0  0/0     8:48   0:03   0:00 

Players Stats for Blackdemons

Player Name              G  A  P  +/- PIM S  H  SB GA TA FO     MP     PP MP  PK MP  
------------------------------------------------------------------------------------
Alexandre Grenier        0  0  0   1  0   0  0  1  1  0  0/0    15:40   0:00   0:00 
Alexei Morozov           1  2  3   2  2   2  2  0  0  0  2/2    17:58   2:19   0:00 
Blake Pietila            0  1  1   1  2   1  1  1  1  0  2/3    18:05   2:13   0:13 
Brett Kulak              0  0  0   2  0   1  0  0  0  0  0/0    10:21   0:00   0:00 
Charles-Olivier Roussel  0  0  0   0  0   0  0  0  0  1  0/0     7:25   0:00   3:16 
Hudson Fasching          0  0  0   0  0   0  0  0  0  0  0/0    11:01   2:13   0:00 
Jeffrey Foss             0  0  0   0  2   0  2  1  0  0  0/0    20:33   2:17   3:09 
Keaton Ellerby           0  0  0   1  0   2  4  1  0  0  0/0    25:35   2:15   3:16 
Kyle Rau                 0  0  0   0  0   2  0  2  1  0  8/13   12:01   0:00   3:05 
Ladislav Nagy            0  0  0   0  0   2  1  2  1  0  0/0    13:36   0:00   3:13 
Martin Hanzal            1  0  1   1  2   8  1  0  0  2  15/23  18:47   2:13   0:00 
Max Friberg              0  0  0   0  0   1  1  0  1  0  1/1     8:54   0:00   0:00 
Patrice Cormier          2  2  4   2  0   8  3  1  1  1  12/21  20:10   2:19   3:13 
Robbie Russo             0  0  0   2  2   0  1  1  0  1  0/0    10:21   0:00   0:00 
Roman Josi               1  0  1   1  0   4  0  4  0  1  0/0    21:40   2:15   0:00 
Scott Timmins            0  0  0   0  0   1  0  0  0  0  1/3     8:54   0:00   0:00 
Sergei Plotnikov         0  1  1   0  0   1  0  2  0  0  0/1    12:00   0:00   3:06 
Tommy Vannelli           0  0  0   0  0   0  0  0  0  0  0/0     3:30   0:00   0:00 
Yannick Weber            0  1  1   0  0   1  1  0  1  0  0/0    20:34   2:17   3:09 
Zachary Sanford          0  2  2   2  0   0  0  0  1  1  0/0    16:25   2:19   0:00 

3 Stars

1 - Patrice Cormier (MJM)
2 - Alexei Morozov (MJM)
3 - Zachary Sanford (MJM)

Power Play

Mulligans - 3 on 4 Attempt(s) - 75.00%
Blackdemons - 1 on 4 Attempt(s) - 25.00%

Penalty Kill

Mulligans - 3 on 4 Attempt(s) - 75.00% - Score 0 goal in Penalty Kill
Blackdemons - 1 on 4 Attempt(s) - 25.00% - Score 0 goal in Penalty Kill

Team Stat

Mulligans - Hits : 26 - Faceoff Wins : 26 - Blocked Shots : 11 - Penalty Minutes : 6
Blackdemons - Hits : 17 - Faceoff Wins : 41 - Blocked Shots : 16 - Penalty Minutes : 10

Official

Referees : Unknown
Linesman : Unknown

Game Notes

14:26 of 2nd period - Penalty Shot by Joonas Donskoi for Mulligans - Shot Misses the Net
Reid Boucher is injured at 5:51 of 3rd period (Back Spasms)

Finance

Level 1 -- Attendance: 1546 (77.30%) -- Ticket Income $61,840
Level 2 -- Attendance: 805 (80.50%) -- Ticket Income $16,100
Total Attendance: 2351 (78.37%)
Total Ticket Income: $77,940
Other Income: $3,897
Total Income: $81,837

Mulligans

5 vs 5 Forward 
   Center                   Left Wing                Right Wing               Time % Phy DF OF 
 1 Maxime Macenauer         Matt Beleskey            Jonathan Tremblay        40     0   2  3  
 2 Anton Lander             Sven Baertschi           Logan Shaw               27     0   2  3  
 3 Christoph Bertschy       Drayson Bowman           Joonas Donskoi           20     0   2  3  
 4 Jonny Brodzinski         Reid Boucher             Valeri Nichushkin        13     0   2  3  

5 vs 5 Defense 
   Defense                  Defense                                           Time % Phy DF OF 
 1 Matt Donovan             Cody Goloubef                                     40     1   3  1  
 2 Michael Sdao             Ben Hutton                                        30     1   3  1  
 3 Cade Fairchild           Darren Dietz                                      20     1   3  1  
 4 Dalton Thrower           Matt Donovan                                      10     1   3  1  

PowerPlay Forward 
   Center                   Left Wing                Right Wing               Time % Phy DF OF 
 1 Maxime Macenauer         Matt Beleskey            Jonathan Tremblay        60     0   1  4  
 2 Anton Lander             Sven Baertschi           Logan Shaw               40     0   1  4  

PowerPlay Defense
   Defense                  Defense                                           Time % Phy DF OF 
 1 Matt Donovan             Cody Goloubef                                     60     0   2  3  
 2 Michael Sdao             Ben Hutton                                        40     0   2  3  

Penalty Kill 4 Players Forward 
   Center                   Wing                     Time % Phy DF OF 
 1 Anton Lander             Jonathan Tremblay        60     0   3  2  
 2 Christoph Bertschy       Maxime Macenauer         40     0   3  2  

Penalty Kill 4 Players Defense
   Defense                  Defense                  Time % Phy DF OF 
 1 Matt Donovan             Cody Goloubef            60     1   3  1  
 2 Michael Sdao             Ben Hutton               40     1   3  1  

Penalty Kill - 3 Players Forward 
   Forward                                           Time % Phy DF OF 
 1 Maxime Macenauer                                  60     1   3  1  
 2 Anton Lander                                      40     1   3  1  

Penalty Kill - 3 Players Defense
   Defense                  Defense                  Time % Phy DF OF 
 1 Matt Donovan             Cody Goloubef            60     1   3  1  
 2 Michael Sdao             Ben Hutton               40     1   3  1  

4 vs 4 Forward 
   Center                   Wing                     Time % Phy DF OF 
 1 Jonathan Tremblay        Valeri Nichushkin        60     1   2  2  
 2 Anton Lander             Maxime Macenauer         40     1   2  2  

4 vs 4 Defense
   Defense                  Defense                  Time % Phy DF OF 
 1 Matt Donovan             Cody Goloubef            60     1   2  2  
 2 Michael Sdao             Ben Hutton               40     1   2  2  

Last Minutes Offensive
   Center                   Left Wing                Right Wing               Defense                  Defense                  
   Maxime Macenauer         Sven Baertschi           Jonathan Tremblay        Matt Donovan             Cody Goloubef            

Last Minutes Defensive
   Center                   Left Wing                Right Wing               Defense                  Defense                  
   Maxime Macenauer         Anton Lander             Jonathan Tremblay        Matt Donovan             Cody Goloubef            

Goaltenders
Starting : Calvin Pickard           
Backup : Juuse Saros              

Extra Forwards
Normal : Joonas Donskoi, Valeri Nichushkin, Sven Baertschi - PP : Joonas Donskoi, Valeri Nichushkin - PK : Sven Baertschi
Extra Defensemen
Normal : Cade Fairchild, Darren Dietz, Dalton Thrower - PP : Cade Fairchild - PK : Darren Dietz, Dalton Thrower
Penalty Shots
Sven Baertschi, Jonathan Tremblay, Anton Lander, Maxime Macenauer, Valeri Nichushkin

Scratches
Eric Tangradi (Sprained Right Finger Injury), Marek Langhamer (Healthy)

Blackdemons

5 vs 5 Forward 
   Center                   Left Wing                Right Wing               Time % Phy DF OF 
 1 Martin Hanzal            Blake Pietila            Alexandre Grenier        37     0   1  4  
 2 Patrice Cormier          Zachary Sanford          Alexei Morozov           31     0   1  4  
 3 Kyle Rau                 Ladislav Nagy            Hudson Fasching          21     0   1  4  
 4 Scott Timmins            Sergei Plotnikov         Max Friberg              11     0   2  3  

5 vs 5 Defense 
   Defense                  Defense                                           Time % Phy DF OF 
 1 Keaton Ellerby           Roman Josi                                        40     0   4  1  
 2 Jeffrey Foss             Yannick Weber                                     30     0   4  1  
 3 Brett Kulak              Robbie Russo                                      22     0   5  0  
 4 Charles-Olivier Roussel  Tommy Vannelli                                    8      0   5  0  

PowerPlay Forward 
   Center                   Left Wing                Right Wing               Time % Phy DF OF 
 1 Patrice Cormier          Zachary Sanford          Alexei Morozov           50     0   0  5  
 2 Martin Hanzal            Blake Pietila            Hudson Fasching          50     0   0  5  

PowerPlay Defense
   Defense                  Defense                                           Time % Phy DF OF 
 1 Jeffrey Foss             Yannick Weber                                     50     0   1  4  
 2 Keaton Ellerby           Roman Josi                                        50     0   1  4  

Penalty Kill 4 Players Forward 
   Center                   Wing                     Time % Phy DF OF 
 1 Patrice Cormier          Ladislav Nagy            50     0   5  0  
 2 Kyle Rau                 Sergei Plotnikov         50     0   5  0  

Penalty Kill 4 Players Defense
   Defense                  Defense                  Time % Phy DF OF 
 1 Yannick Weber            Jeffrey Foss             50     0   5  0  
 2 Charles-Olivier Roussel  Keaton Ellerby           50     0   5  0  

Penalty Kill - 3 Players Forward 
   Forward                                           Time % Phy DF OF 
 1 Alexei Morozov                                    60     0   5  0  
 2 Martin Hanzal                                     40     0   5  0  

Penalty Kill - 3 Players Defense
   Defense                  Defense                  Time % Phy DF OF 
 1 Yannick Weber            Roman Josi               60     0   5  0  
 2 Jeffrey Foss             Keaton Ellerby           40     0   5  0  

4 vs 4 Forward 
   Center                   Wing                     Time % Phy DF OF 
 1 Alexei Morozov           Martin Hanzal            50     1   2  2  
 2 Ladislav Nagy            Patrice Cormier          50     1   2  2  

4 vs 4 Defense
   Defense                  Defense                  Time % Phy DF OF 
 1 Keaton Ellerby           Roman Josi               50     1   2  2  
 2 Yannick Weber            Jeffrey Foss             50     1   2  2  

Last Minutes Offensive
   Center                   Left Wing                Right Wing               Defense                  Defense                  
   Martin Hanzal            Ladislav Nagy            Alexei Morozov           Roman Josi               Keaton Ellerby           

Last Minutes Defensive
   Center                   Left Wing                Right Wing               Defense                  Defense                  
   Martin Hanzal            Ladislav Nagy            Alexei Morozov           Roman Josi               Keaton Ellerby           

Goaltenders
Starting : Matt Hackett             
Backup : Laurent Brossoit         

Extra Forwards
Normal : Max Friberg, Scott Timmins, Blake Pietila - PP : Max Friberg, Scott Timmins - PK : Blake Pietila
Extra Defensemen
Normal : Yannick Weber, Roman Josi, Jeffrey Foss - PP : Yannick Weber - PK : Roman Josi, Jeffrey Foss
Penalty Shots
Alexei Morozov, Martin Hanzal, Ladislav Nagy, Sergei Plotnikov, Zachary Sanford

Scratches
Christophe Lalancette (Healthy), Klas Dahlbeck (Healthy), Remi Elie (Healthy), Jyrki Jokipakka (Healthy), Mackenzie MacEachern (Healthy)
Ben Maxwell (Healthy), Nicolas Deschamps (Healthy), Angelo Esposito (Healthy), Jacob Lagacé (Healthy), James Livingstone (Healthy)
Ebbe Siönäs (Healthy), Sami Aittokallio (Healthy), Jeremy Smith (Healthy)

% Time on Ice - Mulligans

Lines # - Real PCT - Wanted PCT - Time Play
Normal Forward
1 - 36% - 40% - 17:04
2 - 27% - 27% - 12:56
3 - 20% - 20% - 9:50
4 - 17% - 13% - 8:14
Normal Defense
1 - 38% - 40% - 18:28
2 - 32% - 30% - 15:27
3 - 23% - 20% - 10:53
4 - 7% - 10% - 3:16
PP Forward
1 - 64% - 60% - 4:07
2 - 36% - 40% - 2:18
PP Defense
1 - 57% - 60% - 3:39
2 - 43% - 40% - 2:46
PK Forward
1 - 65% - 60% - 2:57
2 - 35% - 40% - 1:35
PK Defense
1 - 63% - 60% - 2:51
2 - 37% - 40% - 1:41
PK3 Forward
1 - 0% - 60%
2 - 0% - 40%
PK3 Defense
1 - 0% - 60%
2 - 0% - 40%
44 Forward
1 - 0% - 60%
2 - 0% - 40%
44 Defense
1 - 0% - 60%
2 - 0% - 40%
Last Minute Offensive  - 0:59
Last Minute Defensive  - 0:00
Total
Forward - 60:00
Defense - 60:00

% Time on Ice - Blackdemons

Lines # - Real PCT - Wanted PCT - Time Play
Normal Forward
1 - 34% - 37% - 16:28
2 - 29% - 31% - 13:50
3 - 19% - 21% - 8:56
4 - 18% - 11% - 8:54
Normal Defense
1 - 39% - 40% - 18:54
2 - 32% - 30% - 15:23
3 - 22% - 22% - 10:21
4 - 7% - 8% - 3:30
PP Forward
1 - 51% - 50% - 2:19
2 - 49% - 50% - 2:13
PP Defense
1 - 50% - 50% - 2:17
2 - 50% - 50% - 2:15
PK Forward
1 - 50% - 50% - 3:13
2 - 50% - 50% - 3:12
PK Defense
1 - 49% - 50% - 3:09
2 - 51% - 50% - 3:16
PK3 Forward
1 - 0% - 60%
2 - 0% - 40%
PK3 Defense
1 - 0% - 60%
2 - 0% - 40%
44 Forward
1 - 0% - 50%
2 - 0% - 50%
44 Defense
1 - 0% - 50%
2 - 0% - 50%
Last Minute Offensive  - 0:00
Last Minute Defensive  - 0:55
Total
Forward - 60:00
Defense - 60:00

Play-by-Play

1st period


0:01 of 1st period - Maxime Macenauer wins face-off versus Martin Hanzal in neutral zone.
0:13 of 1st period - Wrist shot by Maxime Macenauer.
0:13 of 1st period - Stopped by Matt Hackett without a rebound.
0:14 of 1st period - Anton Lander wins face-off versus Patrice Cormier in Blackdemons zone.
0:15 of 1st period - Snap shot by Sven Baertschi.
0:15 of 1st period - Shot Blocked by Jeffrey Foss.
0:35 of 1st period - Minor Penalty to Michael Sdao for Tripping.
0:36 of 1st period - Patrice Cormier wins face-off versus Jonathan Tremblay in Mulligans zone.
0:37 of 1st period - Slapshot by Alexei Morozov.
0:37 of 1st period - Deflect By Patrice Cormier.
0:37 of 1st period - Stopped by Calvin Pickard with a rebound.
0:39 of 1st period - Slapshot by Patrice Cormier.
0:39 of 1st period - Stopped by Calvin Pickard without a rebound.
0:40 of 1st period - Anton Lander wins face-off versus Patrice Cormier in Mulligans zone.
2:26 of 1st period - Keaton Ellerby is hit by Dalton Thrower.
2:35 of 1st period - Penalty to Michael Sdao is over, Michael Sdao is back on ice.
2:41 of 1st period - Patrice Cormier is hit by Michael Sdao and loses puck.
3:17 of 1st period - Slapshot by Cody Goloubef.
3:17 of 1st period - Deflect By Valeri Nichushkin.
3:17 of 1st period - Stopped by Matt Hackett with a rebound.
4:38 of 1st period - Icing by Anton Lander.
4:39 of 1st period - Martin Hanzal wins face-off versus Anton Lander in Mulligans zone.
5:00 of 1st period - Snap shot by Drayson Bowman.
5:00 of 1st period - Stopped by Matt Hackett without a rebound.
5:01 of 1st period - Christoph Bertschy wins face-off versus Scott Timmins in Blackdemons zone.
5:28 of 1st period - Wrist shot by Drayson Bowman.
5:28 of 1st period - Stopped by Matt Hackett with a rebound.
5:30 of 1st period - Backhand shot by Christoph Bertschy.
5:30 of 1st period - Shot Misses the Net.
5:32 of 1st period - Wrist shot by Christoph Bertschy.
5:32 of 1st period - Stopped by Matt Hackett without a rebound.
5:33 of 1st period - Patrice Cormier wins face-off versus Maxime Macenauer in Blackdemons zone.
5:33 of 1st period - Patrice Cormier is hit by Jonathan Tremblay.
5:52 of 1st period - Minor Penalty to Matt Donovan for Hooking.
5:53 of 1st period - Martin Hanzal wins face-off versus Anton Lander in Mulligans zone.
6:19 of 1st period - Alexei Morozov is hit by Cody Goloubef and loses puck.
6:26 of 1st period - Slapshot by Patrice Cormier.
6:26 of 1st period - Goal by Patrice Cormier - Mulligans : 0 - Blackdemons : 1.
6:27 of 1st period - Martin Hanzal wins face-off versus Maxime Macenauer in neutral zone.
6:36 of 1st period - Snap shot by Martin Hanzal.
6:36 of 1st period - Stopped by Calvin Pickard with a rebound.
6:52 of 1st period - Blake Pietila is hit by Matt Donovan and loses puck.
6:57 of 1st period - Snap shot by Drayson Bowman.
6:57 of 1st period - Deflect By Joonas Donskoi.
6:57 of 1st period - Shot Misses the Net.
6:57 of 1st period - Puck is out of play.
6:58 of 1st period - Patrice Cormier wins face-off versus Joonas Donskoi in Blackdemons zone.
7:05 of 1st period - Snap shot by Alexei Morozov.
7:05 of 1st period - Shot Misses the Net.
7:09 of 1st period - Snap shot by Alexei Morozov.
7:09 of 1st period - Shot Misses the Net.
7:11 of 1st period - Slapshot by Zachary Sanford.
7:11 of 1st period - Deflect By Alexei Morozov.
7:11 of 1st period - Goal by Alexei Morozov - Mulligans : 0 - Blackdemons : 2.
7:12 of 1st period - Patrice Cormier wins face-off versus Maxime Macenauer in neutral zone.
7:21 of 1st period - Wrist shot by Maxime Macenauer.
7:21 of 1st period - Shot Misses the Net.
7:37 of 1st period - Patrice Cormier is hit by Matt Donovan and loses puck.
7:50 of 1st period - Slapshot by Ben Hutton.
7:50 of 1st period - Shot Misses the Net.
8:04 of 1st period - Wrist shot by Martin Hanzal.
8:04 of 1st period - Stopped by Calvin Pickard without a rebound.
8:05 of 1st period - Martin Hanzal wins face-off versus Maxime Macenauer in Mulligans zone.
8:08 of 1st period - Snap shot by Blake Pietila.
8:08 of 1st period - Shot Misses the Net.
8:22 of 1st period - Matt Donovan is hit by Jeffrey Foss and loses puck.
8:47 of 1st period - Snap shot by Maxime Macenauer.
8:47 of 1st period - Shot Misses the Net.
8:49 of 1st period - Slapshot by Cody Goloubef.
8:49 of 1st period - Shot Misses the Net.
9:03 of 1st period - Wrist shot by Martin Hanzal.
9:03 of 1st period - Stopped by Calvin Pickard with a rebound.
9:19 of 1st period - Wrist shot by Matt Beleskey.
9:19 of 1st period - Stopped by Matt Hackett with a rebound.
9:21 of 1st period - Slapshot by Cody Goloubef.
9:21 of 1st period - Shot Blocked by Alexandre Grenier.
9:23 of 1st period - Snap shot by Matt Donovan.
9:23 of 1st period - Shot Misses the Net.
9:42 of 1st period - Wrist shot by Martin Hanzal.
9:42 of 1st period - Stopped by Calvin Pickard with a rebound.
9:48 of 1st period - Snap shot by Matt Beleskey.
9:48 of 1st period - Stopped by Matt Hackett without a rebound.
9:49 of 1st period - Kyle Rau wins face-off versus Anton Lander in Blackdemons zone.
9:58 of 1st period - Wrist shot by Kyle Rau.
9:58 of 1st period - Stopped by Calvin Pickard without a rebound.
9:59 of 1st period - Kyle Rau wins face-off versus Anton Lander in Mulligans zone.
10:06 of 1st period - Snap shot by Kyle Rau.
10:06 of 1st period - Shot Misses the Net.
10:08 of 1st period - Snap shot by Roman Josi.
10:08 of 1st period - Deflect By Logan Shaw.
10:08 of 1st period - Stopped by Calvin Pickard with a rebound.
10:10 of 1st period - Snap shot by Kyle Rau.
10:10 of 1st period - Shot Misses the Net.
10:12 of 1st period - Wrist shot by Ladislav Nagy.
10:12 of 1st period - Shot Misses the Net.
10:14 of 1st period - Wrist shot by Kyle Rau.
10:14 of 1st period - Stopped by Calvin Pickard without a rebound.
10:15 of 1st period - Christoph Bertschy wins face-off versus Patrice Cormier in Mulligans zone.
11:07 of 1st period - Snap shot by Sergei Plotnikov.
11:07 of 1st period - Shot Blocked by Ben Hutton.
12:43 of 1st period - Minor Penalty to Martin Hanzal for Unsportsmanlike conduct.
12:44 of 1st period - Patrice Cormier wins face-off versus Maxime Macenauer in Blackdemons zone.
13:11 of 1st period - Ladislav Nagy is hit by Anton Lander and loses puck.
13:18 of 1st period - Wrist shot by Sven Baertschi.
13:18 of 1st period - Goal by Sven Baertschi - Mulligans : 1 - Blackdemons : 2.
13:19 of 1st period - Alexei Morozov wins face-off versus Maxime Macenauer in neutral zone.
13:31 of 1st period - Slapshot by Matt Beleskey.
13:31 of 1st period - Stopped by Matt Hackett with a rebound.
13:33 of 1st period - Wrist shot by Jonathan Tremblay.
13:33 of 1st period - Shot Misses the Net.
13:45 of 1st period - Sven Baertschi is hit by Keaton Ellerby and loses puck.
14:49 of 1st period - Off-side.
14:50 of 1st period - Alexei Morozov wins face-off versus Jonny Brodzinski in neutral zone.
15:05 of 1st period - Slapshot by Reid Boucher.
15:05 of 1st period - Deflect By Valeri Nichushkin.
15:05 of 1st period - Shot Blocked by Patrice Cormier.
15:05 of 1st period - Puck is out of play.
15:06 of 1st period - Martin Hanzal wins face-off versus Anton Lander in Blackdemons zone.
15:45 of 1st period - Cade Fairchild is hit by Patrice Cormier and loses puck.
15:58 of 1st period - Ladislav Nagy is hit by Joonas Donskoi and loses puck.
16:15 of 1st period - Slapshot by Christoph Bertschy.
16:15 of 1st period - Stopped by Matt Hackett with a rebound.
16:37 of 1st period - Keaton Ellerby is hit by Anton Lander and loses puck.
17:16 of 1st period - Snap shot by Ladislav Nagy.
17:16 of 1st period - Stopped by Calvin Pickard with a rebound.
17:18 of 1st period - Slapshot by Keaton Ellerby.
17:18 of 1st period - Deflect By Matt Donovan.
17:18 of 1st period - Stopped by Calvin Pickard without a rebound.
17:19 of 1st period - Maxime Macenauer wins face-off versus Kyle Rau in Mulligans zone.
17:24 of 1st period - Slapshot by Jonathan Tremblay.
17:24 of 1st period - Stopped by Matt Hackett without a rebound.
17:25 of 1st period - Patrice Cormier wins face-off versus Maxime Macenauer in Blackdemons zone.
18:23 of 1st period - Yannick Weber is hit by Matt Donovan and loses puck.
18:34 of 1st period - Matt Donovan is hit by Jeffrey Foss and loses puck.
18:41 of 1st period - Slapshot by Matt Donovan.
18:41 of 1st period - Shot Blocked by Ladislav Nagy.
18:43 of 1st period - Slapshot by Matt Donovan.
18:43 of 1st period - Stopped by Matt Hackett with a rebound.
18:57 of 1st period - Darren Dietz is hit by Alexei Morozov and loses puck.
19:02 of 1st period - Wrist shot by Patrice Cormier.
19:02 of 1st period - Goal by Patrice Cormier - Mulligans : 1 - Blackdemons : 3.
19:03 of 1st period - Martin Hanzal wins face-off versus Maxime Macenauer in neutral zone.
19:08 of 1st period - Maxime Macenauer is hit by Blake Pietila and loses puck.
19:19 of 1st period - Snap shot by Matt Beleskey.
19:19 of 1st period - Shot Blocked by Keaton Ellerby.
19:32 of 1st period - Off-side.
19:33 of 1st period - Patrice Cormier wins face-off versus Anton Lander in neutral zone.
19:58 of 1st period - Blake Pietila is hit by Ben Hutton.
Goals for this period are 1 for Mulligans vs 3 for Blackdemons.
Shots for this period are 12 for Mulligans vs 14 for Blackdemons.

2nd period


0:01 of 2nd period - Martin Hanzal wins face-off versus Maxime Macenauer in neutral zone.
0:04 of 2nd period - Jonathan Tremblay is hit by Keaton Ellerby and loses puck.
0:36 of 2nd period - Wrist shot by Ladislav Nagy.
0:36 of 2nd period - Shot Blocked by Cody Goloubef.
0:38 of 2nd period - Slapshot by Roman Josi.
0:38 of 2nd period - Deflect By Anton Lander.
0:38 of 2nd period - Stopped by Calvin Pickard with a rebound.
0:54 of 2nd period - Slapshot by Drayson Bowman.
0:54 of 2nd period - Stopped by Matt Hackett with a rebound.
1:10 of 2nd period - Snap shot by Matt Donovan.
1:10 of 2nd period - Shot Blocked by Robbie Russo.
1:12 of 2nd period - Slapshot by Cody Goloubef.
1:12 of 2nd period - Deflect By Jonny Brodzinski.
1:12 of 2nd period - Stopped by Matt Hackett with a rebound.
1:14 of 2nd period - Slapshot by Cody Goloubef.
1:14 of 2nd period - Stopped by Matt Hackett with a rebound.
1:16 of 2nd period - Snap shot by Reid Boucher.
1:16 of 2nd period - Deflect By Valeri Nichushkin.
1:16 of 2nd period - Deflect By Sergei Plotnikov.
1:16 of 2nd period - Shot Blocked by Sergei Plotnikov.
1:16 of 2nd period - Puck is out of play.
1:17 of 2nd period - Martin Hanzal wins face-off versus Maxime Macenauer in Blackdemons zone.
1:38 of 2nd period - Minor Penalty to Jeffrey Foss for Hooking.
1:39 of 2nd period - Maxime Macenauer wins face-off versus Patrice Cormier in Blackdemons zone.
1:50 of 2nd period - Slapshot by Ben Hutton.
1:50 of 2nd period - Shot Misses the Net.
1:52 of 2nd period - Slapshot by Michael Sdao.
1:52 of 2nd period - Stopped by Matt Hackett without a rebound.
1:53 of 2nd period - Maxime Macenauer wins face-off versus Patrice Cormier in Blackdemons zone.
1:58 of 2nd period - Backhand shot by Maxime Macenauer.
1:58 of 2nd period - Shot Misses the Net.
2:00 of 2nd period - Wrist shot by Matt Donovan.
2:00 of 2nd period - Stopped by Matt Hackett without a rebound.
2:01 of 2nd period - Patrice Cormier wins face-off versus Maxime Macenauer in Blackdemons zone.
2:11 of 2nd period - Slapshot by Matt Donovan.
2:11 of 2nd period - Shot Blocked by Ladislav Nagy.
2:13 of 2nd period - Slapshot by Maxime Macenauer.
2:13 of 2nd period - Goal by Maxime Macenauer - Mulligans : 2 - Blackdemons : 3.
2:14 of 2nd period - Martin Hanzal wins face-off versus Maxime Macenauer in neutral zone.
2:14 of 2nd period - Roman Josi is hit by Jonathan Tremblay and loses puck.
2:48 of 2nd period - Alexei Morozov is hit by Anton Lander and loses puck.
3:15 of 2nd period - Off-side.
3:16 of 2nd period - Maxime Macenauer wins face-off versus Martin Hanzal in neutral zone.
3:27 of 2nd period - Slapshot by Matt Donovan.
3:27 of 2nd period - Shot Blocked by Blake Pietila.
4:03 of 2nd period - Snap shot by Ladislav Nagy.
4:03 of 2nd period - Shot Blocked by Cade Fairchild.
4:05 of 2nd period - Snap shot by Roman Josi.
4:05 of 2nd period - Stopped by Calvin Pickard without a rebound.
4:06 of 2nd period - Kyle Rau wins face-off versus Maxime Macenauer in Mulligans zone.
4:07 of 2nd period - Wrist shot by Ladislav Nagy.
4:07 of 2nd period - Shot Misses the Net.
4:09 of 2nd period - Snap shot by Brett Kulak.
4:09 of 2nd period - Deflect By Ladislav Nagy.
4:09 of 2nd period - Stopped by Calvin Pickard without a rebound.
4:10 of 2nd period - Blake Pietila wins face-off versus Maxime Macenauer in Mulligans zone.
4:11 of 2nd period - Wrist shot by Alexandre Grenier.
4:11 of 2nd period - Deflect By Martin Hanzal.
4:11 of 2nd period - Shot Blocked by Matt Donovan.
4:11 of 2nd period - Puck is out of play.
4:12 of 2nd period - Maxime Macenauer wins face-off versus Martin Hanzal in Mulligans zone.
5:34 of 2nd period - Minor Penalty to Blake Pietila for Roughing.
5:35 of 2nd period - Maxime Macenauer wins face-off versus Kyle Rau in Blackdemons zone.
5:35 of 2nd period - Snap shot by Matt Beleskey.
5:35 of 2nd period - Stopped by Matt Hackett without a rebound.
5:36 of 2nd period - Kyle Rau wins face-off versus Maxime Macenauer in Blackdemons zone.
5:36 of 2nd period - Kyle Rau is hit by Jonathan Tremblay.
5:50 of 2nd period - Slapshot by Jeffrey Foss.
5:50 of 2nd period - Shot Hit the Post.
5:52 of 2nd period - Slapshot by Jeffrey Foss.
5:52 of 2nd period - Shot Misses the Net.
6:11 of 2nd period - Snap shot by Logan Shaw.
6:11 of 2nd period - Stopped by Matt Hackett without a rebound.
6:12 of 2nd period - Maxime Macenauer wins face-off versus Patrice Cormier in Blackdemons zone.
6:13 of 2nd period - Wrist shot by Matt Beleskey.
6:13 of 2nd period - Stopped by Matt Hackett with a rebound.
6:27 of 2nd period - Slapshot by Matt Donovan.
6:27 of 2nd period - Shot Blocked by Kyle Rau.
6:41 of 2nd period - Wrist shot by Ladislav Nagy.
6:41 of 2nd period - Shot Misses the Net.
6:47 of 2nd period - Slapshot by Matt Donovan.
6:47 of 2nd period - Shot Misses the Net.
6:49 of 2nd period - Snap shot by Matt Beleskey.
6:49 of 2nd period - Shot Misses the Net.
6:51 of 2nd period - Wrist shot by Matt Beleskey.
6:51 of 2nd period - Goal by Matt Beleskey - Mulligans : 3 - Blackdemons : 3.
6:52 of 2nd period - Anton Lander wins face-off versus Martin Hanzal in neutral zone.
7:21 of 2nd period - Off-side.
7:22 of 2nd period - Patrice Cormier wins face-off versus Matt Beleskey in neutral zone.
8:02 of 2nd period - Wrist shot by Patrice Cormier.
8:02 of 2nd period - Shot Blocked by Darren Dietz.
8:04 of 2nd period - Snap shot by Patrice Cormier.
8:04 of 2nd period - Shot Blocked by Cade Fairchild.
8:10 of 2nd period - Wrist shot by Alexei Morozov.
8:10 of 2nd period - Shot Blocked by Darren Dietz.
8:19 of 2nd period - Wrist shot by Yannick Weber.
8:19 of 2nd period - Deflect By Darren Dietz.
8:19 of 2nd period - Stopped by Calvin Pickard without a rebound.
8:20 of 2nd period - Blake Pietila wins face-off versus Jonathan Tremblay in Mulligans zone.
8:23 of 2nd period - Wrist shot by Blake Pietila.
8:23 of 2nd period - Shot Misses the Net.
8:28 of 2nd period - Maxime Macenauer is hit by Martin Hanzal and loses puck.
9:28 of 2nd period - Snap shot by Sergei Plotnikov.
9:28 of 2nd period - Shot Blocked by Valeri Nichushkin.
9:30 of 2nd period - Snap shot by Brett Kulak.
9:30 of 2nd period - Stopped by Calvin Pickard with a rebound.
9:32 of 2nd period - Backhand shot by Brett Kulak.
9:32 of 2nd period - Deflect By Martin Hanzal.
9:32 of 2nd period - Stopped by Calvin Pickard with a rebound.
9:48 of 2nd period - Snap shot by Kyle Rau.
9:48 of 2nd period - Shot Blocked by Maxime Macenauer.
10:08 of 2nd period - Slapshot by Patrice Cormier.
10:08 of 2nd period - Stopped by Calvin Pickard without a rebound.
10:09 of 2nd period - Anton Lander wins face-off versus Patrice Cormier in Mulligans zone.
10:09 of 2nd period - Anton Lander is hit by Patrice Cormier.
10:35 of 2nd period - Martin Hanzal is hit by Cody Goloubef.
10:57 of 2nd period - Jonathan Tremblay is hit by Yannick Weber and loses puck.
12:04 of 2nd period - Snap shot by Drayson Bowman.
12:04 of 2nd period - Deflect By Ladislav Nagy.
12:04 of 2nd period - Shot Misses the Net.
12:04 of 2nd period - Puck is out of play.
12:05 of 2nd period - Kyle Rau wins face-off versus Maxime Macenauer in Blackdemons zone.
12:07 of 2nd period - Minor Penalty to Robbie Russo for Holding Stick.
12:08 of 2nd period - Maxime Macenauer wins face-off versus Kyle Rau in Blackdemons zone.
12:08 of 2nd period - Snap shot by Matt Beleskey.
12:08 of 2nd period - Shot Misses the Net.
12:16 of 2nd period - Snap shot by Matt Beleskey.
12:16 of 2nd period - Shot Misses the Net.
14:07 of 2nd period - Penalty to Robbie Russo is over, Robbie Russo is back on ice.
14:26 of 2nd period - Penalty Shot by Joonas Donskoi for Mulligans.
14:26 of 2nd period - Wrist shot by Joonas Donskoi.
14:26 of 2nd period - Shot Misses the Net.
14:27 of 2nd period - Reid Boucher wins face-off versus Martin Hanzal in Mulligans zone.
14:32 of 2nd period - Snap shot by Reid Boucher.
14:32 of 2nd period - Stopped by Matt Hackett without a rebound.
14:33 of 2nd period - Martin Hanzal wins face-off versus Jonny Brodzinski in Blackdemons zone.
14:33 of 2nd period - Martin Hanzal is hit by Michael Sdao.
15:28 of 2nd period - Off-side.
15:29 of 2nd period - Martin Hanzal wins face-off versus Maxime Macenauer in neutral zone.
16:01 of 2nd period - Sven Baertschi is hit by Alexei Morozov and loses puck.
16:14 of 2nd period - Sven Baertschi is hit by Max Friberg and loses puck.
16:27 of 2nd period - Wrist shot by Logan Shaw.
16:27 of 2nd period - Stopped by Matt Hackett with a rebound.
16:39 of 2nd period - Ladislav Nagy is hit by Christoph Bertschy and loses puck.
16:58 of 2nd period - Snap shot by Christoph Bertschy.
16:58 of 2nd period - Shot Misses the Net.
17:26 of 2nd period - Snap shot by Sergei Plotnikov.
17:26 of 2nd period - Stopped by Calvin Pickard without a rebound.
17:27 of 2nd period - Maxime Macenauer wins face-off versus Scott Timmins in Mulligans zone.
17:59 of 2nd period - Snap shot by Yannick Weber.
17:59 of 2nd period - Deflect By Scott Timmins.
17:59 of 2nd period - Stopped by Calvin Pickard with a rebound.
18:05 of 2nd period - Slapshot by Michael Sdao.
18:05 of 2nd period - Stopped by Matt Hackett without a rebound.
18:06 of 2nd period - Martin Hanzal wins face-off versus Maxime Macenauer in Blackdemons zone.
18:34 of 2nd period - Minor Penalty to Alexei Morozov for Slashing.
18:35 of 2nd period - Kyle Rau wins face-off versus Maxime Macenauer in Blackdemons zone.
18:35 of 2nd period - Kyle Rau is hit by Jonathan Tremblay.
19:10 of 2nd period - Slapshot by Michael Sdao.
19:10 of 2nd period - Shot Blocked by Sergei Plotnikov.
19:29 of 2nd period - Icing by Ben Hutton.
19:30 of 2nd period - Anton Lander wins face-off versus Sergei Plotnikov in Mulligans zone.
19:47 of 2nd period - Slapshot by Patrice Cormier.
19:47 of 2nd period - Stopped by Calvin Pickard without a rebound.
19:48 of 2nd period - Kyle Rau wins face-off versus Anton Lander in Mulligans zone.
Goals for this period are 2 for Mulligans vs 0 for Blackdemons.
Shots for this period are 13 for Mulligans vs 10 for Blackdemons.

3rd period


0:01 of 3rd period - Kyle Rau wins face-off versus Maxime Macenauer in neutral zone.
0:06 of 3rd period - Slapshot by Keaton Ellerby.
0:06 of 3rd period - Shot Blocked by Matt Beleskey.
0:34 of 3rd period - Penalty to Alexei Morozov is over, Alexei Morozov is back on ice.
1:12 of 3rd period - Slapshot by Jonny Brodzinski.
1:12 of 3rd period - Stopped by Matt Hackett without a rebound.
1:13 of 3rd period - Martin Hanzal wins face-off versus Maxime Macenauer in Blackdemons zone.
1:32 of 3rd period - Blake Pietila is hit by Matt Beleskey and loses puck.
2:04 of 3rd period - Wrist shot by Drayson Bowman.
2:04 of 3rd period - Shot Misses the Net.
3:02 of 3rd period - Snap shot by Martin Hanzal.
3:02 of 3rd period - Stopped by Calvin Pickard without a rebound.
3:03 of 3rd period - Patrice Cormier wins face-off versus Anton Lander in Mulligans zone.
3:51 of 3rd period - Wrist shot by Drayson Bowman.
3:51 of 3rd period - Stopped by Matt Hackett with a rebound.
4:09 of 3rd period - Scott Timmins is hit by Valeri Nichushkin and loses puck.
4:28 of 3rd period - Logan Shaw is hit by Patrice Cormier and loses puck.
4:39 of 3rd period - Snap shot by Alexei Morozov.
4:39 of 3rd period - Shot Misses the Net.
4:41 of 3rd period - Slapshot by Roman Josi.
4:41 of 3rd period - Deflect By Matt Donovan.
4:41 of 3rd period - Goal by Roman Josi - Mulligans : 3 - Blackdemons : 4.
4:42 of 3rd period - Martin Hanzal wins face-off versus Maxime Macenauer in neutral zone.
5:51 of 3rd period - Snap shot by Sergei Plotnikov.
5:51 of 3rd period - Shot Blocked by Reid Boucher.
5:51 of 3rd period - Reid Boucher from Mulligans is injured at 5:51 of 3rd period (Back Spasms).
5:52 of 3rd period - Maxime Macenauer wins face-off versus Blake Pietila in Mulligans zone.
6:19 of 3rd period - Sven Baertschi is hit by Keaton Ellerby and loses puck.
6:30 of 3rd period - Wrist shot by Patrice Cormier.
6:30 of 3rd period - Stopped by Calvin Pickard without a rebound.
6:31 of 3rd period - Maxime Macenauer wins face-off versus Kyle Rau in Mulligans zone.
6:36 of 3rd period - Snap shot by Jonathan Tremblay.
6:36 of 3rd period - Stopped by Matt Hackett without a rebound.
6:37 of 3rd period - Maxime Macenauer wins face-off versus Kyle Rau in Blackdemons zone.
6:38 of 3rd period - Snap shot by Matt Beleskey.
6:38 of 3rd period - Shot Blocked by Kyle Rau.
6:42 of 3rd period - Wrist shot by Maxime Macenauer.
6:42 of 3rd period - Deflect By Matt Beleskey.
6:42 of 3rd period - Stopped by Matt Hackett without a rebound.
6:43 of 3rd period - Martin Hanzal wins face-off versus Maxime Macenauer in Blackdemons zone.
6:48 of 3rd period - Snap shot by Maxime Macenauer.
6:48 of 3rd period - Shot Misses the Net.
7:04 of 3rd period - Minor Penalty to Cody Goloubef for Hooking.
7:05 of 3rd period - Anton Lander wins face-off versus Martin Hanzal in Mulligans zone.
7:14 of 3rd period - Slapshot by Roman Josi.
7:14 of 3rd period - Shot Misses the Net.
7:16 of 3rd period - Wrist shot by Keaton Ellerby.
7:16 of 3rd period - Shot Misses the Net.
7:18 of 3rd period - Slapshot by Keaton Ellerby.
7:18 of 3rd period - Stopped by Calvin Pickard with a rebound.
7:20 of 3rd period - Wrist shot by Blake Pietila.
7:20 of 3rd period - Stopped by Calvin Pickard with a rebound.
7:34 of 3rd period - Snap shot by Patrice Cormier.
7:34 of 3rd period - Stopped by Calvin Pickard with a rebound.
8:08 of 3rd period - Slapshot by Matt Donovan.
8:08 of 3rd period - Stopped by Matt Hackett with a rebound.
8:10 of 3rd period - Snap shot by Drayson Bowman.
8:10 of 3rd period - Shot Blocked by Roman Josi.
8:12 of 3rd period - Wrist shot by Sven Baertschi.
8:12 of 3rd period - Stopped by Matt Hackett without a rebound.
8:13 of 3rd period - Patrice Cormier wins face-off versus Anton Lander in Blackdemons zone.
9:04 of 3rd period - Penalty to Cody Goloubef is over, Cody Goloubef is back on ice.
9:10 of 3rd period - Snap shot by Max Friberg.
9:10 of 3rd period - Stopped by Calvin Pickard without a rebound.
9:11 of 3rd period - Max Friberg wins face-off versus Jonny Brodzinski in Mulligans zone.
9:40 of 3rd period - Slapshot by Martin Hanzal.
9:40 of 3rd period - Stopped by Calvin Pickard with a rebound.
9:42 of 3rd period - Snap shot by Martin Hanzal.
9:42 of 3rd period - Goal by Martin Hanzal - Mulligans : 3 - Blackdemons : 5.
9:43 of 3rd period - Maxime Macenauer wins face-off versus Patrice Cormier in neutral zone.
10:22 of 3rd period - Slapshot by Cody Goloubef.
10:22 of 3rd period - Stopped by Matt Hackett with a rebound.
10:24 of 3rd period - Slapshot by Joonas Donskoi.
10:24 of 3rd period - Stopped by Matt Hackett with a rebound.
11:18 of 3rd period - Icing by Keaton Ellerby.
11:19 of 3rd period - Scott Timmins wins face-off versus Anton Lander in Blackdemons zone.
11:19 of 3rd period - Scott Timmins is hit by Matt Donovan.
11:49 of 3rd period - Slapshot by Martin Hanzal.
11:49 of 3rd period - Shot Misses the Net.
12:07 of 3rd period - Backhand shot by Alexei Morozov.
12:07 of 3rd period - Stopped by Calvin Pickard without a rebound.
12:08 of 3rd period - Patrice Cormier wins face-off versus Christoph Bertschy in Mulligans zone.
12:24 of 3rd period - Wrist shot by Joonas Donskoi.
12:24 of 3rd period - Stopped by Matt Hackett with a rebound.
12:50 of 3rd period - Snap shot by Christoph Bertschy.
12:50 of 3rd period - Goal by Christoph Bertschy - Mulligans : 4 - Blackdemons : 5.
12:51 of 3rd period - Maxime Macenauer wins face-off versus Martin Hanzal in neutral zone.
12:54 of 3rd period - Blake Pietila is hit by Cody Goloubef and loses puck.
13:40 of 3rd period - Wrist shot by Logan Shaw.
13:40 of 3rd period - Shot Misses the Net.
13:42 of 3rd period - Slapshot by Matt Donovan.
13:42 of 3rd period - Stopped by Matt Hackett without a rebound.
13:43 of 3rd period - Maxime Macenauer wins face-off versus Patrice Cormier in Blackdemons zone.
13:50 of 3rd period - Backhand shot by Maxime Macenauer.
13:50 of 3rd period - Stopped by Matt Hackett with a rebound.
13:52 of 3rd period - Snap shot by Matt Beleskey.
13:52 of 3rd period - Shot Blocked by Roman Josi.
13:54 of 3rd period - Slapshot by Michael Sdao.
13:54 of 3rd period - Shot Blocked by Roman Josi.
13:56 of 3rd period - Snap shot by Matt Beleskey.
13:56 of 3rd period - Shot Blocked by Roman Josi.
13:58 of 3rd period - Wrist shot by Jonathan Tremblay.
13:58 of 3rd period - Shot Misses the Net.
14:08 of 3rd period - Sven Baertschi is hit by Keaton Ellerby and loses puck.
14:31 of 3rd period - Wrist shot by Joonas Donskoi.
14:31 of 3rd period - Shot Misses the Net.
15:58 of 3rd period - Roman Josi is hit by Matt Donovan and loses puck.
16:35 of 3rd period - Maxime Macenauer is hit by Robbie Russo and loses puck.
16:56 of 3rd period - Charles-Olivier Roussel is hit by Valeri Nichushkin and loses puck.
17:23 of 3rd period - Alexandre Grenier is hit by Dalton Thrower and loses puck.
17:50 of 3rd period - Maxime Macenauer is hit by Ladislav Nagy and loses puck.
18:27 of 3rd period - Off-side.
18:28 of 3rd period - Maxime Macenauer wins face-off versus Martin Hanzal in neutral zone.
18:36 of 3rd period - Alexandre Grenier is hit by Michael Sdao and loses puck.
18:45 of 3rd period - Mulligans, Calvin Pickard is pulled from the net.
Goals for this period are 1 for Mulligans vs 2 for Blackdemons.
Shots for this period are 12 for Mulligans vs 10 for Blackdemons.